 Dungeon Sprint DCSS version 0.23-b1-67-g8bd44de8e4 (webtiles) character file.

Game seed: 10383179085318970245

0 Groucho the Caller (level 1, -5/11 HPs)
             Began as a Halfling Summoner on Feb 5, 2019.
             Was an Initiate of Qazlal.
             Slain by a scorpion (7 damage)
             ... in the Dungeon (Sprint V: "Ziggurat Sprint").
             The game lasted 00:01:20 (82 turns).

Groucho the Caller (Halfling Summoner)                Turns: 82, Time: 00:01:20

Health: -5/11      AC:  0    Str: 21    XL:     1   Next: 0%
Magic:  3/3        EV: 15    Int: 13    God:    Qazlal [......]
Gold:   0          SH:  0    Dex: 14    Spells: 2/3 levels left

rFire    . . .     SeeInvis .   F - +6 shillelagh "Devastator" {shatter}
rCold    . . .     Gourm    .   (shield restricted)
rNeg     . . .     Faith    .   (no armour)
rPois    .         Spirit   .   (no helmet)
rElec    .         Reflect  .   (no cloak)
rCorr    .         Harm     .   (no gloves)
MR       .....     NoTele   +   (no boots)
Stlth    ++........             (no amulet)
HPRegen  0.03/turn              B - +6 ring of strength
MPRegen  0.08/turn              C - +6 ring of strength

@: no status effects
A: small, mutation resistance 1
a: Renounce Religion


You were in the Dungeon.
You worshipped Qazlal.
Qazlal was noncommittal.
You were not hungry.

You visited 1 branch

Inventory:

Hand Weapons
 F - the +6 shillelagh "Devastator" (weapon) {shatter}
   (You found it in the Dungeon)
 G - a +5 fustibalus
 H - a +5 hunting sling
Missiles
 I - 1000 sling bullets
Armour
 a - +5 gold dragon scales
 D - the +15 Maxwell's patent armour {-Cast -Tele rElec MR+ rCorr}
   (You found it in the Dungeon)

   It insulates you from electricity.
   It affects your resistance to hostile enchantments.
   It prevents spellcasting.
   It prevents most forms of teleportation.
   It provides partial protection from all sources of acid and corrosion.
 E - the +18 shield of the Gong {rElec rN+ MR+ EV-5}
   (You found it in the Dungeon)

   It affects your evasion (-5).
   It insulates you from electricity.
   It protects you from negative energy.
   It affects your resistance to hostile enchantments.
Jewellery
 x - a +6 ring of dexterity
 y - a +6 ring of dexterity
 z - a +6 ring of intelligence
 A - a +6 ring of intelligence
 B - a +6 ring of strength (left hand)
 C - a +6 ring of strength (right hand)
Wands
 u - a wand of disintegration (7)
 v - a wand of iceblast (7)
 w - a wand of acid (7)
Scrolls
 b - 4 scrolls of amnesia
 i - 4 scrolls of blinking
 j - 7 scrolls of fog
 k - a scroll of holy word
 l - 5 scrolls of identify
 m - 5 scrolls of remove curse
 n - 2 scrolls of fear
Potions
 d - 10 potions of curing
 e - 10 potions of heal wounds
 f - 6 potions of haste
 g - 7 potions of magic
 h - 3 potions of berserk rage
 o - 2 potions of brilliance
 p - 2 potions of invisibility
 q - 4 potions of resistance
 r - a potion of experience
 s - 5 potions of agility
 t - 5 potions of might
Comestibles
 c - 7 rations


   Skills:
 + Level 2.1 Dodging
 + Level 2.1 Stealth
 + Level 1.5 Spellcasting
 + Level 3.2 Summonings


You had 2 spell levels left.
You knew the following spells:

 Your Spells              Type           Power        Failure   Level  Hunger
a - Summon Small Mammal   Summ           #...         7%          1    ##.....

Your spell library contained the following spells:

 Spells                   Type           Power        Failure   Level  Hunger
 Call Imp                 Summ           #.......     11%         2    ###....
 Call Canine Familiar     Summ           #.......     22%         3    ####...
 Summon Guardian Golem    Hex/Summ       #.......     38%         3    ####...
 Summon Ice Beast         Ice/Summ       #.......     80%         4    #####..
 Summon Lightning Spire   Summ/Air       #.......     80%         4    #####..


Dungeon Overview and Level Annotations

Branches:
Dungeon (1/1)

Altars:
Ashenzari
Cheibriados
Dithmenos
Elyvilon
Fedhas
Gozag
Hepliaklqana
Kikubaaqudgha
Makhleb
Nemelex Xobeh
Okawaru
Qazlal
Ru
Sif Muna
Trog
Uskayaw
Vehumet
Wu Jian
Xom
Yredelemnul
Zin
The Shining One
Beogh
Jiyva
Lugonu

Annotations:
D 1 transporter


Innate Abilities, Weirdness & Mutations

You are small and have problems with some larger weapons.
You are somewhat resistant to further mutation.


Message History

Keep equipping yourself? [Y]es or [N]o only, please.
Keep equipping yourself? [Y]es or [N]o only, please.
Keep equipping yourself? [Y]es or [N]o only, please.
Keep equipping yourself? [Y]es or [N]o only, please.
Keep equipping yourself? [Y]es or [N]o only, please.
Keep equipping yourself?
You start putting on your armour.
You continue putting on the +18 shield of the Gong {rElec rN+ MR+ EV-5}.
The scorpion stings you!
Ouch! That really hurt!
* * * LOW HITPOINT WARNING * * *
You continue putting on the +18 shield of the Gong {rElec rN+ MR+ EV-5}.
The scorpion stings you!
Ouch! That really hurt!
You die...

▓▓▓▓▓▓▓
▓.8©8.▓
▓.....▓
▓.=.).▓
▓.....▓
▓.ss..▓
▓..@..▓
▓▓▓▓▓▓▓


You could see 2 scorpions.

Vanquished Creatures (others)
  3 spatial maelstroms (D)
3 creatures vanquished.

Notes
Turn   | Place    | Note
-------+----------+-------------------------------------------
     0 | D        | Found the +6 Majin-Bo {vamp, Archmagi MP+6 Int+6}
     0 | D        | Found the +7 great mace "Firestarter" {inner flame, rF++}
     0 | D        | Groucho the Halfling Summoner began the quest for the Orb.
     0 | D        | Reached XP level 1. HP: 11/11 MP: 3/3
     1 | D        | Banished a spatial maelstrom
     1 | D        | Banished a spatial maelstrom
     4 | D        | Banished a spatial maelstrom
     9 | D        | Found a blossoming altar of Fedhas.
    10 | D        | Found a viscous altar of Jiyva.
    10 | D        | Found a hazy altar of Hepliaklqana.
    10 | D        | Found a transporter.
    10 | D        | Found an opulent altar of Gozag.
    10 | D        | Found an ancient bone altar of Kikubaaqudgha.
    10 | D        | Found a corrupted altar of Lugonu.
    13 | D        | Found a burning altar of Makhleb.
    14 | D        | Found a sacrificial altar of Ru.
    14 | D        | Found a stormy altar of Qazlal.
    14 | D        | Found a deep blue altar of Sif Muna.
    14 | D        | Found an iron altar of Okawaru.
    14 | D        | Found a bloodstained altar of Trog.
    14 | D        | Found a sparkling altar of Nemelex Xobeh.
    33 | D        | Found the +9 heavy crossbow "Sniper" {velocity, Acc+∞ SInv}
    33 | D        | Found the +10 dark maul {crush}
    33 | D        | Found the +15 Maxwell's patent armour {-Cast -Tele rElec
                  | MR+ rCorr}
    33 | D        | Found the +18 shield of the Gong {rElec rN+ MR+ EV-5}
    33 | D        | Found the cursed +14 obsidian axe {chop, +Fly SInv *Curse}
    35 | D        | Found the +6 shillelagh "Devastator" {shatter}
    35 | D        | Found the +11 plutonium sword {*Contam Stlth-}
    35 | D        | Found the +8 lance "Wyrmbane" {slay drac, rPois rF+ rC+
                  | AC+3}
    35 | D        | Found the +9 sword of Zonguldrok {reap}
    35 | D        | Found the cursed +13 scythe of Curses {drain, *Curse}
    35 | D        | Found the +0 sword of Power
    35 | D        | Found the +7 mace of Variability {chain chaos}
    35 | D        | Found the +7 Singing Sword {slice, sonic wave}
    35 | D        | Found the +7 longbow "Piercer" {penet, EV-2}
    63 | D        | Became a worshipper of Qazlal Stormbringer
    78 | D        | Entered arena 2.
    78 | D        | Noticed a scorpion
    78 | D        | Noticed a scorpion
    78 | D        | Found a transporter.
    82 | D        | Slain by a scorpion
